 Dungeon Crawl Stone Soup version 0.27.0-1-g7a089689b8 (webtiles) character file.

Game seed: 3385748009070676117

1250 SnakkuSnakku7 the Cudgeller (level 8, -1/56 HPs)
             Began as a Mummy Warper on Aug 12, 2021.
             Was an Initiate of Gozag.
             Killed by divine providence
             ... invoked by an orc priest
              (11 damage)
             ... on level 4 of the Dungeon.
             The game lasted 00:07:46 (4843 turns).

SnakkuSnakku7 the Cudgeller (Mummy Warper)          Turns: 4843, Time: 00:07:48

Health: -1/56      AC:  8    Str: 22    XL:     8   Next: 26%
Magic:  12/12      EV:  8    Int: 12    God:    Gozag
Gold:   291        SH:  6    Dex: 12    Spells: 12/12 levels left

rFire    . . .     SeeInvis .   b - +0 dagger (venom)
rCold    + . .     Faith    .   s - +2 buckler
rNeg     + + +     Spirit   .   q - +0 chain mail
rPois    ∞         Reflect  .   (no helmet)
rElec    .         Harm     .   (no cloak)
rCorr    .         Rampage  .   (no gloves)
Will     +....                  (no boots)
Stlth    ..........             (no amulet)
HPRegen  0.18/turn              f - +6 ring of strength
MPRegen  0.13/turn              c - ring of protection from fire

@: no status effects
A: cold resistance 1, negative energy resistance 3, torment resistance 2, heat
vulnerability 1, no potions
a: Renounce Religion, Potion Petition, Call Merchant, Bribe Branch


You were on level 4 of the Dungeon.
You worshipped Gozag.
Gozag was aware of your devotion.
You visited 2 branches of the dungeon, and saw 7 of its levels.

You collected 420 gold pieces.
You spent 97 gold pieces at shops.
You paid 32 gold pieces to Gozag.

Inventory:

Hand Weapons
 a - a +0 morningstar
 b - a +0 dagger of venom (weapon)
 i - a +0 mace
Missiles
 d - 3 boomerangs of dispersal (quivered)
Armour
 j - a +1 ring mail
 l - a +0 tower shield
 q - a +0 chain mail (worn)
 s - a +2 buckler (worn)
Jewellery
 c - a ring of protection from fire (right hand)
 f - a +6 ring of strength (left hand)
Wands
 n - a wand of flame (18)
Scrolls
 e - 5 scrolls of enchant armour
 g - 3 scrolls of teleportation
 h - 2 scrolls of amnesia {unknown}
 k - a scroll of fog {unknown}
 m - a scroll of immolation {unknown}
 o - 3 scrolls of identify {unknown}
 p - a scroll of brand weapon {unknown}
 r - a scroll of fear


   Skills:
 - Level 2.0 Fighting
 + Level 7.6 Maces & Flails
 - Level 0.7 Throwing
 - Level 0.7 Armour
 - Level 1.5 Dodging
 + Level 3.5 Shields
 - Level 2.6 Spellcasting
 - Level 2.4 Translocations


You had 12 spell levels left.
You didn't know any spells.
Your spell library contained the following spells:

 Spells                   Type           Power      Damage    Failure   Level
 Blink                    Tloc           N/A        N/A       83%         2
 Gell's Gravitas          Tloc           3%         N/A       96%         3
 Lesser Beckoning         Tloc           3%         N/A       96%         3
 Teleport Other           Tloc           7%         N/A       96%         3
 Slow                     Hex            1%         N/A       99%         2
 Confusing Touch          Hex            1%         N/A       100%        3
 Dazzling Flash           Conj/Hex       2%         N/A       100%        3
 Iskenderun's Mystic Bla  Conj/Tloc      4%         2d3       100%        4
 Manifold Assault         Tloc           7%         N/A       100%        5
 Yara's Violent Unravell  Hex/Tmut       0%         3d3       100%        5
 Starburst                Conj/Fire      0%         8x6d3     100%        6


Dungeon Overview and Level Annotations

Branches:
Dungeon (6/15)             Temple (1/1) D:4

Altars:
Dithmenos
Gozag
Hepliaklqana
Makhleb
Okawaru
Trog
Uskayaw
Vehumet
Yredelemnul
The Shining One
Beogh

Shops:
D:3 (   D:5 *

Annotations:
D:3 3 runed translucent doors, ZombieSheep's ghost, amateur GnMo
D:4 3 runed translucent doors, Balder's ghost, amateur DjGl; Spectrina's ghost, weakling DEMo; boopsy's ghost, amateur TrFE; komi's ghost, amateur BaFi


Innate Abilities, Weirdness & Mutations

You are immune to poison.
Your flesh is cold resistant. (rC+)
You are immune to negative energy. (rN+++)
You are immune to unholy pain and torment.
You are vulnerable to heat. (rF-)
You do not drink.


Message History

Spectrina's ghost turns its malevolent gaze towards you.
Boopsy's ghost turns its malevolent gaze towards you.
The orc priest looks braver for a moment.
Komi's ghost turns its malevolent gaze towards you.
The orc priest mumbles some strange prayers to Beogh against you.
Beogh smites you!
Your chain mail prevents you from hitting the orc priest.
The orc priest hits you with a +1 mace of protection.
You barely miss the orc priest.
Spectrina's ghost says, "I have seen your future, and it is all used up."
The orc priest hits you with a +1 mace of protection.
* * * LOW HITPOINT WARNING * * *
You barely miss the orc priest.
The orc priest hits you but does no damage.
Your chain mail prevents you from hitting the orc priest.
The orc priest barely misses you.
You closely miss the orc priest.
The orc priest hits you but does no damage.
You hit the orc priest but do no damage.
The orc priest is poisoned.
The orc priest barely misses you.
You hit the orc priest.
The orc priest looks as sick as possible!
The orc priest is moderately wounded.
The orc priest barely misses you.
You hit the orc priest but do no damage.
The orc priest looks as sick as possible!
The orc priest is moderately wounded.
The orc priest hits you with a +1 mace of protection!
* * * LOW HITPOINT WARNING * * *
Unknown command.
You closely miss the orc priest.
The orc priest is moderately wounded.
You block the orc priest's attack.
You hit the orc priest but do no damage.
The orc priest looks as sick as possible!
The orc priest is heavily wounded.
The orc priest calls down the wrath of Beogh upon you.
Beogh smites you!
You die...
Your body crumbles into a pile of gold.

##...##.#!.......$#.........#
##.......#8.......8#.........#
#........#...WWWW.[#.........#
##........####+++####.........#
#.............................#
#......................########
#...........###...........#
#........####.............#
##........###...@....#..(..######
.................o...........#...
.........)...........#...........
.........)...........#.♣♣♣♣♣.....
##......)...##.......♣♣♣♣♣♣♣♣..[.
##..................≈♣P≈♣≈≈≈♣P...
......#............P≈≈≈≈≈P≈P≈♣≈..
.....##.......##....≈≈..≈≈≈P≈P♣♣≈
...###........#..............P≈≈P


You could see an orc priest (extremely poisoned), Balder's ghost, Spectrina's
ghost, boopsy's ghost and komi's ghost.

Vanquished Creatures
  Sigmund (D:6)
  Menkaure (D:5)
  A black bear (D:5)
  A necrophage (D:5)
  An ogre (D:5)
  2 phantoms
  A howler monkey (D:5)
  A hound (D:5)
  A jelly (D:3)
  A gnoll shaman (D:5)
  3 orc priests
  An iguana (D:5)
  4 orc wizards
  A scorpion zombie (D:5)
  5 gnolls
  An adder (D:3)
  A shadow imp (D:5)
  A white imp (D:5)
  3 ufetubi
  3 worms
  A dart slug (D:3)
  13 orcs
  7 bats
  10 endoplasms
  4 giant cockroaches
  10 goblins
  7 hobgoblins
  10 jackals
  A quokka (D:4)
  12 ball pythons
  3 frilled lizards
  3 kobolds (D:1)
  6 rats
121 creatures vanquished.

Vanquished Creatures (others)
  14 plants (D:4)
  A withered plant (D:4)
15 creatures vanquished.

Grand Total: 136 creatures vanquished

Notes
Turn   | Place    | Note
-------+----------+-------------------------------------------
     0 | D:1      | SnakkuSnakku7 the Mummy Warper began the quest for the Orb.
     0 | D:1      | Reached XP level 1. HP: 16/16 MP: 4/4
    63 | D:1      | Reached skill level 2 in Maces & Flails
   130 | D:1      | Reached XP level 2. HP: 21/22 MP: 5/5
   539 | D:1      | Reached XP level 3. HP: 22/27 MP: 7/7
  1016 | D:2      | Reached skill level 3 in Maces & Flails
  1075 | D:2      | Reached XP level 4. HP: 22/33 MP: 8/8
  1125 | D:2      | Found a faded altar of an unknown god.
  1261 | D:2      | Reached skill level 4 in Maces & Flails
  1836 | D:3      | Found Guloh's Weapon Shop.
  1916 | D:3      | Reached XP level 5. HP: 32/38 MP: 9/9
  2156 | D:3      | Found a runed translucent gate.
  2156 | D:3      | Noticed ZombieSheep's ghost (amateur GnMo)
  2157 | D:3      | Found a runed translucent gate.
  2159 | D:3      | Identified the +4 mace "Rehevoem" {antimagic, rElec Will+}
  2159 | D:3      | Identified the +1 ring mail "Noesm" {-Tele Dex+4}
  2340 | D:3      | Found a runed translucent gate.
  2396 | D:4      | Noticed a phantom
  2474 | D:3      | Killed a phantom
  2475 | D:3      | Reached skill level 5 in Maces & Flails
  2745 | D:4      | Reached XP level 6. HP: 37/44 MP: 10/10
  2834 | D:4      | Found a runed translucent gate.
  2836 | D:4      | Found a runed translucent gate.
  2836 | D:4      | Noticed Balder's ghost (amateur DjGl)
  2837 | D:4      | Found a runed translucent gate.
  2837 | D:4      | Noticed boopsy's ghost (amateur TrFE)
  2838 | D:4      | Noticed komi's ghost (amateur BaFi)
  2838 | D:4      | Noticed Spectrina's ghost (weakling DEMo)
  3040 | D:4      | Found a staircase to the Ecumenical Temple.
  3051 | Temple   | Entered the Ecumenical Temple
  3072 | Temple   | Became a worshipper of Gozag Ym Sagoz the Greedy
  3199 | D:5      | Entered Level 5 of the Dungeon
  3219 | D:4      | Reached skill level 6 in Maces & Flails
  3603 | D:4      | Reached XP level 7. HP: 42/50 MP: 11/11
  3904 | D:5      | Reached skill level 1 in Shields
  4056 | D:5      | Found Soseag's General Store.
  4064 | D:5      | Bought a scroll of teleportation for 45 gold pieces
  4064 | D:5      | Bought a scroll of fear for 52 gold pieces
  4170 | D:5      | Noticed Menkaure
  4181 | D:5      | Killed Menkaure
  4182 | D:5      | Reached skill level 7 in Maces & Flails
  4488 | D:5      | Reached XP level 8. HP: 50/56 MP: 12/12
  4579 | D:6      | Noticed Sigmund
  4610 | D:6      | Killed Sigmund
  4843 | D:4      | Killed from afar by an orc priest

Illustrated notes

Levels and vault maps discovered:
D:1:      amcnicky_arrival_feature_with_door, layout_rooms,
          grunt_decor_arrowhead, st_stairs_9
D:2:      layout_basic, ebering_ecumenical_altar_box
D:3:      minmay_inner_zag, layout_basic, serial_shops, shop,
          biasface_ghost_orc_armoury
D:4:      layout_rooms, temple_green, gammafunk_ghost_cemetery,
          serial_bayou_ford_a
D:5:      layout_gridville, serial_shops, nicolae_square_shop,
          serial_bayou_pond_c, uniq_menkaure
D:6:      layout_rooms, led_xom_imps, sigmund_army
Temple:   eino_wide_crystal_templ

Skill      XL: |  1  2  3  4  5  6  7  8 |
---------------+-------------------------+-----
Maces & Flails | 2 3 4 5 6 7 |  7.6
Shields        | 2 3 |  3.5
Fighting       | |  2.0
Throwing       | |  0.7
Armour         | |  0.7
Dodging        | |  1.5
Spellcasting   | |  2.6
Translocations | |  2.4

Action                   |  1- 3 |  4- 6 |  7- 9 || total
-------------------------+-------+-------+-------++-------
Melee: Mace              |    71 |       |       ||    71
       Dagger            |    28 |   203 |    78 ||   309
       Morningstar       |       |    49 |    41 ||    90
Throw: Boomerang         |     2 |       |       ||     2
Evoke: Wand              |       |     4 |       ||     4
  Use: Scroll            |     1 |     2 |       ||     3
Armor: Leather armour    |    32 |       |       ||    32
       Ring mail         |    13 |    88 |       ||   101
       Chain mail        |       |    27 |    72 ||    99
Dodge: Dodged            |    79 |   168 |    51 ||   298
Block: Buckler           |       |       |    32 ||    32
